 Dungeon Crawl Stone Soup version 0.27.0-1-g7a089689b8 (webtiles) character file.

Game seed: 1883665536102030881

56371 Strat the Severer (level 14, -7/135 HPs)
             Began as a Deep Dwarf Berserker on Aug 11, 2021.
             Was a High Priest of Trog.
             Succumbed to a redback's poison
             ... on level 2 of the Spider Nest.
             The game lasted 00:41:57 (10802 turns).

Strat the Severer (Deep Dwarf Berserker)           Turns: 10802, Time: 00:41:57

Health: -7/135     AC: 22    Str: 25    XL:     14   Next: 41%
Magic:  11/11 (2)  EV: 13    Int:  9    God:    Trog [*****.]
Gold:   1075       SH: 13    Dex: 12    Spells: 13/13 levels left

rFire    . . .     SeeInvis .   a - +4 broad axe (flame)
rCold    . . .     Faith    +   u - +2 kite shield
rNeg     + . .     Spirit   .   I - +3 ring mail of Dim Light {Will+ rCorr MP+9}
rPois    +         Reflect  .   L - +0 helmet
rElec    .         Harm     .   (no cloak)
rCorr    +         Rampage  .   q - +2 pair of gloves
Will     +++..                  y - +2 pair of boots
Stlth    +.........             t - amulet of faith
HPRegen  0.00/turn              F - +4 ring of protection
MPRegen  0.12/turn              R - ring of poison resistance

@: lethally poisoned (-7 -> -36), studying 2 skills
A: damage resistance, heal wounds, negative energy resistance 1, sense
surroundings 2, no regeneration
a: Heal Wounds, Renounce Religion, Berserk, Trog's Hand, Brothers in Arms


You were on level 2 of the Spider Nest.
You worshipped Trog.
Trog was extremely pleased with you.
You visited 4 branches of the dungeon, and saw 19 of its levels.
You also visited: Bailey and Ice Cave.

You collected 1450 gold pieces.
You spent 375 gold pieces at shops.

Inventory:

Hand Weapons
 a - a +4 broad axe of flaming (weapon)
 b - a +1 hunting sling
 o - a +1 antimagic broad axe
 v - a +3 vorpal executioner's axe
 K - a +2 vorpal flail
 P - the +9 war axe "Pendulum" {drain, Str+2 Int+3 Stlth-}
   (You found it on level 6 of the Dungeon)

   A truly terrible weapon, it drains the life of any living foe it strikes.
   Str:       It affects your strength (+2).
   Int:       It affects your intelligence (+3).
   Stlth:     It makes you less stealthy.
 Q - a +2 antimagic battleaxe
Missiles
 g - 77 poisoned darts
 h - 228 stones
 n - 14 javelins
 E - 31 boomerangs
 J - 69 sling bullets
Armour
 q - a +2 pair of gloves (worn)
 u - a +2 kite shield (worn)
 y - a +2 pair of boots (worn)
 I - the +3 ring mail of Dim Light (worn) {Will+ rCorr MP+9}
   (You found it on level 6 of the Dungeon)

   MP:        It affects your magic capacity (+9).
   rCorr:     It protects you from acid and corrosion.
   Will:      It increases your willpower.
 L - a +0 helmet (worn)
Jewellery
 t - an amulet of faith (around neck)
 F - a +4 ring of protection (left hand)
 H - a +4 ring of protection
 N - a ring of protection from fire
 O - the amulet "Pytidamp" {Spirit rPois Int+2}
   (You found it on level 8 of the Dungeon)

   [amulet of guardian spirit]

   It causes incoming damage to be divided between your reserves of health and
   magic.
   Int:       It affects your intelligence (+2).
   rPois:     It protects you from poison.
 R - a ring of poison resistance (right hand)
Wands
 c - a wand of mindburst (12)
 z - a wand of digging (15)
 C - a wand of iceblast (29)
 M - a wand of charming (10)
Scrolls
 e - 2 scrolls of fear
 k - a scroll of fog
 r - 3 scrolls of teleportation
 B - a scroll of immolation
Potions
 d - 2 potions of haste {unknown}
 f - 4 potions of attraction
 i - 10 potions of curing
 j - 2 potions of brilliance
 l - 3 potions of flight
 m - a potion of magic
 p - 2 potions of ambrosia
 s - 5 potions of heal wounds
 A - 2 potions of mutation
 D - a potion of might {unknown}
 G - 2 potions of cancellation {unknown}
Miscellaneous
 x - a box of beasts


   Skills:
 - Level 11.0 Fighting
 - Level 18.7 Axes
 - Level 10.0 Armour
 - Level 8.9 Dodging
 + Level 7.4 Shields
 - Level 13.4 Evocations


You had 13 spell levels left.
You didn't know any spells.
Your spell library was empty.

Dungeon Overview and Level Annotations

Branches:
Dungeon (9/15)             Temple (0/1) D:6            Lair (6/6) D:8
 Shoals (0/4) Lair:3       Spider (2/4) Lair:3        Slime (0/5) Lair:6
    Orc (2/2) D:9             Elf (0/3) Orc:2        Bailey (visited)
  IceCv (visited)

Altars:
Cheibriados
Elyvilon
Qazlal
Trog
Yredelemnul

Shops:
D:7 =   Orc:2 !**(

Annotations:
Lair:4 2 transporters, Senaot's ghost, journeyman GrFi


Innate Abilities, Weirdness & Mutations

You are resistant to damage.
You can heal yourself by infusing magical energy.
You resist negative energy. (rN+)
You passively map the area around you.
You do not regenerate.


Message History

You slice the hornet!! You burn the hornet.
The hornet is almost dead.
You block the hornet's attack. x2
You closely miss the hornet.
The hornet is almost dead.
You hear an angry hiss.
The hornet stings you but does no damage.
You slice the hornet!! You burn the hornet.
You kill the hornet!
Trog accepts your kill.
You barely miss the redback. You block the redback's attack. x2
You closely miss the redback. The redback bites you.
You are poisoned.
The redback poisons you!
You hit the redback. You burn the redback.
The redback is moderately wounded.
You feel extremely sick. You block the redback's attack.
You slice the redback!! You burn the redback!
You kill the redback!
Trog accepts your kill.
You feel extremely sick.
You hear an angry hiss.
The redback bites you.
You are lethally poisoned!
The redback poisons you!
You hit the redback. You burn the redback.
The redback is lightly wounded.
* * * LOW HITPOINT WARNING * * *
You feel extremely sick. You block the redback's attack.
You slash the redback! You burn the redback.
The redback is severely wounded.
* * * LOW HITPOINT WARNING * * *
You feel extremely sick. The redback bites you.
You hear an angry hiss.
You hit the redback. You burn the redback.
The redback is almost dead.
You die...

, * ,, , , * ^
*## ..... , #.#
....., ** ##.#
..... ##.#
.....###### ##@##
..........##
##s##
...........###§##
...........^#§##
####.....B†##
###..#^.B#.###
.....#...###
.....<..^#
.....B.....#*


You could see a redback.

Vanquished Creatures
  An entropy weaver (Spider:2)
  A fire dragon (Lair:6)
  A hydra (Lair:5)
  2 boulder beetles
  A two-headed ogre (D:8)
  6 death yaks
  An orc high priest (Orc:2)
  Nergalle (Lair:3)
  Sonja (Lair:6)
  A swamp dragon (Lair:6)
  2 orc knights
  2 orb spiders
  7 wolf spiders
  4 orc sorcerers (Orc:2)
  An ugly thing (D:8)
  A cyclops (D:8)
  A manticore (D:8)
  A moth of wrath (Spider:1)
  5 elephants (Lair:4)
  5 black mambas
  A gargoyle (D:8)
  Joseph (D:7)
  An unseen horror (D:8)
  14 cane toads
  3 komodo dragons
  4 rime drakes
  2 demonic crawlers
  2 polar bears (Lair:4)
  2 trolls (Orc:2)
  13 jumping spiders
  3 hornets
  15 blink frogs
  Prince Ribbit (D:9)
  2 slime creatures (Lair:6)
  Sigmund (D:3)
  12 redbacks
  3 tarantellas
  29 yaks
  12 wyverns
  5 steam dragons
  Edmund (D:6)
  3 basilisks
  3 wargs (Orc:2)
  3 acid dragons (Lair:6)
  20 water moccasins
  A swamp drake (Lair:6)
  21 orc warriors
  5 ice beasts
  A black bear (Lair:2)
  3 necrophages
  A hornet zombie (D:4)
  15 wolves
  4 ogres
  5 centaurs
  A phantom (D:5)
  3 kobold brigands
  10 bullfrogs
  2 gnoll sergeants
  A scorpion (D:5)
  A water moccasin zombie (D:5)
  3 water moccasin skeletons
  6 killer bees (D:8)
  3 wights (D:8)
  5 howler monkeys
  A hound (D:3)
  4 jellies
  2 centaur skeletons (D:6)
  6 iguanas
  17 orc priests
  An iron imp (D:8)
  17 orc wizards
  A scorpion zombie (D:5)
  A killer bee zombie (D:7)
  A hound zombie (D:5)
  10 gnolls
  9 adders
  A shadow imp (D:5)
  2 white imps
  2 ufetubi
  2 worms (D:2)
  A dart slug (D:3)
  52 orcs
  8 endoplasms
  3 giant cockroaches
  3 goblins
  7 hobgoblins
  10 jackals
  8 kobolds
  A quokka (D:3)
  A ball python (D:1)
  A ball python skeleton (D:2)
  5 bats
  3 frilled lizards
  8 rats
480 creatures vanquished.

Vanquished Creatures (others)
  A basilisk (Lair:6)
  40 fungi
  77 plants
118 creatures vanquished.

Grand Total: 598 creatures vanquished

Notes
Turn   | Place    | Note
-------+----------+-------------------------------------------
     0 | D:1      | Strat the Deep Dwarf Berserker began the quest for the Orb.
     0 | D:1      | Reached XP level 1. HP: 20/20 MP: 1/1
   102 | D:1      | Reached XP level 2. HP: 27/27 MP: 2/2
   597 | D:2      | Reached XP level 3. HP: 22/33 MP: 3/3
   751 | D:2      | Reached skill level 4 in Axes
   778 | D:2      | Found a stormy altar of Qazlal.
   781 | D:2      | Noticed a golden eye
   785 | D:2      | Found a faded altar of an unknown god.
   787 | D:2      | Noticed an eye of devastation
   797 | D:2      | Noticed an eye of devastation
   810 | D:2      | Reached ** piety under Trog
   811 | D:2      | Noticed a golden eye
  1194 | D:3      | Reached XP level 4. HP: 38/42 MP: 4/4
  1395 | D:3      | Noticed Sigmund
  1425 | D:3      | Killed Sigmund
  1426 | D:3      | Reached skill level 5 in Axes
  1426 | D:3      | Reached XP level 5. HP: 43/49 MP: 5/5
  1491 | D:3      | Reached XP level 6. HP: 50/57 MP: 5/5
  2012 | D:4      | Reached skill level 6 in Axes
  2134 | D:4      | Noticed a steam dragon
  2151 | D:4      | Killed a steam dragon
  2152 | D:4      | Reached XP level 7. HP: 64/64 MP: 6/6
  2239 | D:5      | Entered Level 5 of the Dungeon
  2329 | D:5      | Reached *** piety under Trog
  2503 | D:5      | Reached skill level 7 in Axes
  2657 | D:5      | Reached skill level 5 in Armour
  2797 | D:5      | Reached XP level 8. HP: 46/73 MP: 6/6
  3074 | D:6      | Found a staircase to the Ecumenical Temple.
  3096 | D:6      | Reached skill level 5 in Fighting
  3117 | D:6      | Identified the +3 ring mail of Dim Light {Will+ rCorr MP+9}
  3276 | D:6      | Reached skill level 8 in Axes
  3297 | D:6      | Found a basalt altar of Yredelemnul.
  3534 | D:6      | Reached skill level 9 in Axes
  3601 | D:6      | Noticed Edmund
  3617 | D:6      | Killed Edmund
  3658 | D:6      | Gained mutation: You passively map the area around you.
                  | [Deep Dwarf growth]
  3658 | D:6      | Reached XP level 9. HP: 55/82 MP: 6/6
  3684 | D:6      | Identified the +9 war axe "Pendulum" {drain, Str+2 Int+3
                  | Stlth-}
  3699 | D:6      | Reached **** piety under Trog
  3703 | D:6      | Reached skill level 10 in Axes
  3989 | D:6      | Found a white marble altar of Elyvilon.
  4007 | D:7      | Found a flagged portal.
  4028 | Bailey   | Entered a bailey
  4194 | D:7      | Found Syuqim's Jewellery Shoppe.
  4559 | D:7      | Noticed Joseph
  4570 | D:7      | Killed Joseph
  4599 | D:8      | Reached skill level 11 in Axes
  4715 | D:8      | Found a staircase to the Lair.
  4744 | D:8      | Reached XP level 10. HP: 62/94 MP: 7/7
  4806 | Lair:1   | Entered Level 1 of the Lair of Beasts
  4826 | Lair:1   | Noticed a cane toad
  4842 | Lair:1   | Killed a cane toad
  4874 | Lair:2   | Reached skill level 12 in Axes
  4894 | Lair:2   | Noticed a cane toad
  4898 | Lair:2   | Killed a cane toad
  5028 | Lair:2   | Noticed a cane toad
  5031 | Lair:2   | Noticed a four-headed hydra
  5052 | Lair:1   | Found a frozen archway.
  5188 | IceCv    | Entered an ice cave
  5188 | IceCv    | Found the +4 skin of Zhor {*Englaciate rC+++ SInv}
  5297 | Lair:2   | Noticed a five-headed hydra
  5414 | Lair:2   | Noticed a boulder beetle
  5426 | Lair:2   | Killed a boulder beetle
  5427 | Lair:2   | Reached skill level 13 in Axes
  5427 | Lair:2   | Reached XP level 11. HP: 103/103 MP: 6/6
  5638 | Lair:3   | Noticed a five-headed hydra
  5646 | Lair:3   | Found a hole to the Spider Nest.
  5647 | Lair:3   | Noticed Nergalle
  5665 | Lair:3   | Reached skill level 1 in Evocations
  5752 | Lair:3   | Reached ***** piety under Trog
  5762 | Lair:3   | Reached skill level 10 in Armour
  6052 | Lair:3   | Found a staircase to the Shoals.
  6147 | Lair:3   | Killed Nergalle
  6148 | Lair:3   | Reached skill level 14 in Axes
  6304 | Lair:4   | Reached skill level 5 in Evocations
  6369 | Lair:4   | Found a transporter.
  6373 | Lair:4   | Noticed Senaot's ghost (journeyman GrFi)
  6373 | Lair:4   | Noticed a spriggan rider
  6382 | Lair:4   | Found a transporter.
  6386 | Lair:4   | Found a bloodstained altar of Trog.
  6429 | Lair:4   | Reached XP level 12. HP: 46/114 MP: 6/6
  6487 | Lair:4   | Noticed a four-headed hydra
  6817 | Lair:5   | Reached skill level 15 in Axes
  6905 | Lair:5   | Identified a scroll of acquirement
  6905 | Lair:5   | Acquired a manual of Axes
  7048 | Lair:5   | Noticed a four-headed hydra
  7052 | Lair:5   | Killed a four-headed hydra
  7056 | Lair:5   | Noticed a boulder beetle
  7084 | Lair:5   | Killed a boulder beetle
  7352 | Lair:5   | Reached skill level 10 in Fighting
  7358 | Lair:5   | Reached skill level 5 in Dodging
  7399 | Lair:6   | Entered Level 6 of the Lair of Beasts
  7414 | Lair:6   | Reached skill level 16 in Axes
  7427 | Lair:6   | Noticed a death yak
  7427 | Lair:6   | Noticed a death yak
  7442 | Lair:5   | Killed a death yak
  7488 | Lair:6   | Noticed a death yak
  7489 | Lair:6   | Noticed a death yak
  7496 | Lair:6   | Killed a death yak
  7499 | Lair:6   | Noticed a death yak
  7501 | Lair:6   | Killed a death yak
  7501 | Lair:6   | Received a gift from Trog
  7503 | Lair:6   | Noticed a death yak
  7506 | Lair:6   | Killed a death yak
  7512 | Lair:6   | Killed a death yak
  7513 | Lair:6   | Reached skill level 17 in Axes
  7517 | Lair:6   | Reached XP level 13. HP: 76/123 MP: 6/6
  7580 | Lair:6   | Noticed Sonja
  7582 | Lair:6   | Killed Sonja
  7597 | Lair:6   | Acquired a manual of Evocations
  7620 | Lair:6   | Found a staircase to the Slime Pits.
  7866 | Lair:6   | Reached skill level 10 in Evocations
  7928 | Lair:6   | Reached skill level 18 in Axes
  8011 | Lair:6   | Noticed a fire dragon
  8023 | Lair:6   | Killed a fire dragon
  8234 | Lair:6   | Received a gift from Trog
  8611 | D:8      | Found a snail-covered altar of Cheibriados.
  8884 | D:8      | Identified the +0 leather armour of the Vestibule of Hell
                  | {Will+}
  9010 | D:8      | Identified the amulet "Pytidamp" {Spirit rPois Int+2}
  9382 | D:9      | Noticed Prince Ribbit
  9389 | D:9      | Killed Prince Ribbit
  9400 | D:9      | Found a staircase to the Orcish Mines.
  9403 | D:9      | Received a gift from Trog
  9432 | Orc:1    | Entered Level 1 of the Orcish Mines
  9774 | Orc:2    | Entered Level 2 of the Orcish Mines
 10024 | Orc:2    | Found a staircase to the Elven Halls.
 10055 | Orc:2    | Gained mutation: You resist negative energy. (rN+) [Deep
                  | Dwarf growth]
 10055 | Orc:2    | Reached XP level 14. HP: 135/135 MP: 3/3
 10083 | Orc:2    | Received a gift from Trog
 10189 | Orc:2    | Found Moyjih's Distillery.
 10189 | Orc:2    | Found Zinli's General Store.
 10215 | Orc:2    | Found Haoz's Antique Weapon Emporium.
 10219 | Orc:2    | Found Zough's Assorted Antiques.
 10237 | Orc:2    | Reached skill level 1 in Shields
 10257 | Orc:2    | Bought a scroll of teleportation for 75 gold pieces
 10414 | D:7      | Bought a ring of poison resistance for 300 gold pieces
 10565 | Spider:1 | Entered Level 1 of the Spider Nest
 10691 | Spider:2 | Reached skill level 5 in Shields
 10801 | Spider:2 | HP: 3/135 [poisoned by a redback]
 10802 | Spider:2 | Succumbed to a redback's poison

Illustrated notes

Levels and vault maps discovered:
D:1:      enne_arrival_octagon_isle, layout_basic
D:2:      layout_loops_cross, basic_altar,
          hellmonk_ecumenical_altar_watching_god, kennysheep_generic_room_5
D:3:      layout_basic, uniq_sigmund
D:4:      layout_rooms
D:5:      layout_cave_pods, minmay_misc_feat_doors
D:6:      minmay_clustersquares, layout_basic, kennysheep_ying_yang,
          minmay_temple_entry_mini_moons, wad_rectangle_vault, uniq_edmund
D:7:      layout_loops_ring, serial_shops, nicolae_shop_window_shopping,
          enter_bailey_2, eino_small_chamber_without_monster, uniq_joseph
D:8:      minmay_the_grid_plus_closed [minmay_the_grid_square_x,
          minmay_the_grid_dragon_b, minmay_the_grid_tiny_cups,
          minmay_the_grid_embedded, minmay_the_grid_prize_trominoes],
          layout_basic, slow_altar_1, lair_entry_dummy
D:9:      layout_irregular_city, grunt_temple_overflow_open, erik_orc_4,
          uniq_prince_ribbit1
Lair:1:   layout_layer_cave, portal_ice_cave_entry_pillars_2
Lair:2:   layout_regular_city
Lair:3:   layout_regular_city, elwin_shoals_entry_rocks,
          nicolae_spider_entry_tight_spaces, grunt_megastairs_1, uniq_nergalle
Lair:4:   layout_regular_city, gammafunk_ghost_wrathful_warriors,
          nzn_random_ring
Lair:5:   layout_loops_ring, nicolae_quartered_pool_little
Lair:6:   guppyfry_lair_end_dragon, layout_regular_city,
          hangedman_lair_tendril_chambers, minmay_slime_entry_pillars,
          uniq_sonja
Spider:1: layout_spider_delve, nicolae_spider_scorpion_nest, uniq_donald
Spider:2: cheibrodos_spider_deadly_dance
Orc:1:    layout_caves, nicolae_orc_sculptors_studio, minmay_orc_temple_a
Orc:2:    st_orc_mages, layout_diamond_mine

Skill      XL: |  1  2  3  4  5  6  7  8  9 10 11 12 13 14 |
---------------+-------------------------------------------+-----
Fighting       | 3 4 5 7 8 9 10 11 | 11.0
Axes           | 4 5 6 7 9 11 13 14 17 18 | 18.7
Armour         | 3 4 5 6 8 9 10 | 10.0
Dodging        | 3 4 6 8 |  8.9
Evocations     | 5 8 13 | 13.4
Shields        | 7 |  7.4

Action                   |  1- 3 |  4- 6 |  7- 9 | 10-12 | 13-15 || total
-------------------------+-------+-------+-------+-------+-------++-------
Melee: Hand axe          |   155 |   143 |       |       |       ||   298
       War axe           |       |    19 |   293 |   340 |   154 ||   806
       Executioner's axe |       |       |       |       |   288 ||   288
       Broad axe         |       |       |       |       |   104 ||   104
Invok: Berserk           |       |     3 |     4 |    13 |     5 ||    25
       Trog's Hand       |       |       |     3 |     5 |    17 ||    25
 Abil: Heal Wounds       |     3 |     6 |     8 |    17 |    14 ||    48
Evoke: Wand              |       |       |       |     4 |     6 ||    10
  Use: Scroll            |       |       |    18 |     6 |     7 ||    31
       Potion            |       |       |       |       |     1 ||     1
 Stab: Sleeping          |     1 |     1 |       |       |       ||     2
Armor: Animal skin       |    46 |    10 |       |       |       ||    56
       Leather armour    |       |     2 |       |       |       ||     2
       Ring mail         |       |    20 |   158 |   241 |   324 ||   743
Dodge: Dodged            |   145 |   109 |   204 |   228 |   416 ||  1102
Block: Kite shield       |       |       |       |       |    84 ||    84
